 Dungeon Crawl Stone Soup version 0.17.1-3-g152610e (webtiles) character file.

72 buf2 the Shooter (level 4, -5/30 HPs)
             Began as a High Elf Hunter on Apr 19, 2016.
             Was an Initiate of Ru.
             Slain by a gnoll (6 damage)
             ... on level 2 of the Dungeon.
             The game lasted 00:18:57 (2085 turns).

buf2 the Shooter (High Elf Hunter)                  Turns: 2085, Time: 00:19:03

Health: -5/30      AC:  4    Str: 11    XL:     4   Next: 6%
Magic:  5/5        EV: 12    Int: 15    God:    Ru [......]
Gold:   117        SH:  0    Dex: 16    Spells: 0 memorised, 3 levels left

rFire  . . .     SeeInvis .     b - +0 short sword
rCold  . . .     Clarity  .     c - +1 leather armour
rNeg   . . .     SustAt   .     (no shield)
rPois  .         Gourm    .     (no helmet)
rElec  .         Spirit   .     (no cloak)
rCorr  .         Warding  .     (no gloves)
rMut   .         Stasis   .     (no boots)
MR     .....                    (no amulet)
Stlth  ++........               (no ring)
                                (no ring)

@: not resistant to hostile enchantments, unstealthy
A: no striking features
a: Sacrifice Words, Sacrifice Purity, Sacrifice Skill, Reject Sacrifices,
Renounce Religion


You were on level 2 of the Dungeon.
You worshipped Ru.
Ru was noncommittal.
You were not hungry.

You visited 1 branch of the dungeon, and saw 2 of its levels.

You collected 117 gold pieces.

Inventory:

Hand Weapons
 a - a +1 shortbow
 b - a +0 short sword (weapon)
 j - a +0 spear
 k - a cursed -3 whip
 m - a +2 mace of holy wrath
 u - a cursed +0 spear
 v - a +0 hand axe
 w - a +0 hunting sling
 y - a +0 spear
Missiles
 d - 59 arrows
 l - 39 stones (quivered)
 o - 7 poisoned needles
Armour
 c - a +1 leather armour (worn)
 e - a +2 buckler
 g - a +0 ring mail
 i - a cursed +0 scale mail
 s - a +0 centaur barding
Jewellery
 t - a cursed -3 ring of strength
Scrolls
 f - a scroll of amnesia
 q - a scroll of immolation
Potions
 h - a potion of lignification {unknown}
 p - 3 potions of curing
 r - a potion of degeneration
 x - 2 potions of poison {unknown}
Comestibles
 n - 3 chunks of flesh
 z - 3 fruits


   Skills:
 + Level 2.4 Fighting
 + Level 0.5 Short Blades
 + Level 6.2 Bows
 + Level 1.1 Armour
 + Level 2.6 Dodging
 + Level 1.6 Stealth


You had 3 spell levels left.
You didn't know any spells.

Dungeon Overview and Level Annotations

Branches:
Dungeon (2/15)

Altars:
Ru


Message History

The gnoll barely misses you. The gnoll misses you.
You hit the gnoll.
The gnoll is severely wounded.
The gnoll misses you.
The gnoll hits you from afar with a halberd!
Ouch! That really hurt!
* * * LOW HITPOINT WARNING * * *
Drink which item? (? for menu, Esc to quit)
You feel better. The gnoll hits you. The gnoll closely misses you.
Some of the chunks of flesh in your inventory have rotted away.
You hit the gnoll.
The gnoll is almost dead.
The gnoll barely misses you.
You closely miss the gnoll.
The gnoll is almost dead.
The gnoll hits you.
The gnoll hits you from afar with a halberd!
* * * LOW HITPOINT WARNING * * *
The gnoll hits you.
You die...

.#....# #.###.# ### #...
#.##.... ..# #...
#.##..### #.# ..#
#...... ... ..#
####..###### #.# #(#
####... ... #.# #(# #
...#.######.##.####.##.#
##..............@ggg...#
###.#########.#########
#.# #.# #.# #.# #.# #.#
#.#########.#
#...........#
#############


You could see 3 gnolls.

Vanquished Creatures
  2 adders (D:2)
  2 worms (D:2)
  3 giant geckos
  2 giant cockroaches (D:2)
  8 hobgoblins
  A quokka (D:2)
  A ball python (D:2)
  6 bats
  3 giant newts (D:1)
  4 goblins
  7 kobolds
  10 rats
49 creatures vanquished.

Notes
Turn   | Place    | Note
--------------------------------------------------------------
     0 | D:1      | buf2 the High Elf Hunter began the quest for the Orb.
     0 | D:1      | Reached XP level 1. HP: 14/14 MP: 2/2
   330 | D:1      | Reached XP level 2. HP: 8/19 MP: 3/3
   801 | D:1      | Reached skill level 6 in Bows
  1529 | D:2      | Reached XP level 3. HP: 24/24 MP: 4/4
  1609 | D:2      | Found a faded altar to an unknown god.
  1641 | D:2      | Reached skill level 1 in Armour
  1740 | D:2      | Became a worshipper of Ru the Awakened
  1978 | D:2      | Reached XP level 4. HP: 21/30 MP: 5/5
  2085 | D:2      | HP: 1/30 [gnoll/halberd (10)]
  2085 | D:2      | Slain by a gnoll

Action                   |  1- 3 |  4- 6 || total
-------------------------+-------+-------++-------
Melee: Short sword       |   118 |     8 ||   126
 Fire: Shortbow          |    31 |     3 ||    34
  Use: Scroll            |     9 |       ||     9
       Potion            |     2 |     1 ||     3
 Stab: Sleeping          |     1 |       ||     1
  Eat: Bread ration      |     1 |       ||     1
